 Dungeon Crawl Stone Soup version 0.27.1-33-g824d729ab1 (webtiles) character file.

Game seed: 13435931663422262124

3544 hilljack the Geomancer (level 10, 0/50 HPs)
             Began as a Gargoyle Earth Elementalist on Nov 26, 2021.
             Was an Initiate of Hepliaklqana.
             Slain by a bullfrog (6 damage)
             ... on level 7 of the Dungeon.
             The game lasted 00:25:43 (11063 turns).

hilljack the Geomancer (GrEE)                      Turns: 11063, Time: 00:25:44

Health: 0/50       AC: 11    Str: 12    XL:     10   Next: 9%
Magic:  0/19       EV: 11    Int: 23    God:    Hepliaklqana [......]
Gold:   512        SH:  0    Dex:  7    Spells: 11/21 levels left

rFire    . . .     SeeInvis .   t - +6 falchion "Suir" {vorpal, Int+4 Dex-3 Stlth+}
rCold    . . .     Faith    .   (no shield)
rNeg     + . .     Spirit   +   g - +0 leather armour
rPois    ∞         Reflect  .   k - +1 hat
rElec    +         Harm     .   (no cloak)
rCorr    .         Rampage  .   (no gloves)
Will     +....                  (no boots)
Stlth    ++........             d - amulet of guardian spirit
HPRegen  0.16/turn              j - ring of willpower
MPRegen  0.16/turn              (no ring)

@: hasted, very quick
A: sickness immunity, AC +7, negative energy resistance 1, electricity
resistance, torment resistance 1, petrification resistance
a: Renounce Religion


You were on level 7 of the Dungeon.
You worshipped Hepliaklqana.
Hepliaklqana was noncommittal.
You visited 2 branches of the dungeon, and saw 9 of its levels.
You also visited: Sewer.

You collected 512 gold pieces.

Inventory:

Hand Weapons
 a - a +0 dagger
 b - a +1 whip
 p - a +1 morningstar
 q - a +0 dagger of venom
 t - the +6 falchion "Suir" (weapon) {vorpal, Int+4 Dex-3 Stlth+}
   (You found it on level 6 of the Dungeon)

   It inflicts extra damage upon your enemies.
   Int:       It affects your intelligence (+4).
   Dex:       It affects your dexterity (-3).
   Stlth:     It makes you more stealthy.
Missiles
 c - 142 stones
Armour
 g - a +0 leather armour (worn)
 k - a +1 hat (worn)
Jewellery
 d - an amulet of guardian spirit (around neck)
 h - a ring of ice
 j - a ring of willpower (left hand)
Wands
 u - a wand of mindburst (3)
Scrolls
 e - a scroll of noise
 f - 7 scrolls of fear
 l - 3 scrolls of identify
 m - a scroll of magic mapping
 r - a scroll of enchant weapon
 w - a scroll of holy word
 x - a scroll of immolation
Potions
 i - 2 potions of curing
 o - 2 potions of might
 s - a potion of cancellation


   Skills:
 - Level 1.5 Short Blades
 - Level 1.5 Dodging
 - Level 2.1 Stealth
 - Level 6.1 Spellcasting
 + Level 7.5 Transmutations
 - Level 10.8 Earth Magic


You had 11 spell levels left.
You knew the following spells:

 Your Spells              Type           Power      Damage    Failure   Level
a - Sandblast             Erth           100%       2d20      1%          1
b - Passwall              Tmut/Erth      40%        N/A       1%          2
c - Stone Arrow           Conj/Erth      62%        3d10      3%          3
d - Petrify               Tmut/Erth      49%        N/A       2%          4

Your spell library contained the following spells:

 Spells                   Type           Power      Damage    Failure   Level
 Blade Hands              Tmut           20%        N/A       13%         5
 Static Discharge         Conj/Air       7%         N/A       16%         2
 Portal Projectile        Hex/Tloc       14%        N/A       32%         3
 Dispel Undead            Necr           7%         3d8       71%         4
 Olgreb's Toxic Radiance  Pois           7%         N/A       71%         4
 Sticky Flame             Conj/Fire      7%         2d3       71%         4
 Excruciating Wounds      Necr           3%         N/A       96%         5
 Freezing Cloud           Conj/Ice/Air   3%         6-21      96%         5
 Simulacrum               Ice/Necr       3%         N/A       100%        6
 Ozocubu's Refrigeration  Ice            3%         4d5       100%        7
 Ignition                 Fire           3%         3d4       100%        8
 Polar Vortex             Ice            3%         N/A       100%        9


Dungeon Overview and Level Annotations

Branches:
Dungeon (8/15)             Temple (1/1) D:7            Lair (0/6) D:8
  Sewer (visited)

Altars:
Ashenzari
Cheibriados
Elyvilon
Fedhas
Gozag
Hepliaklqana
Kikubaaqudgha
Makhleb
Nemelex Xobeh
Okawaru
Qazlal
Ru
Sif Muna
Trog
Uskayaw
Vehumet
Xom
Yredelemnul
Zin
The Shining One

Annotations:
D:5 2 transporters, pkoi's ghost, novice DrNe
D:7 Pikel


Innate Abilities, Weirdness & Mutations

You are immune to sickness and miasma.
Your stone body is resilient. (AC +7)
You are immune to poison.
You resist negative energy. (rN+)
You are resistant to electric shocks. (rElec)
You are resistant to unholy torment.
You are immune to petrification.


Message History

Pikel burns you. The bullfrog closely misses you.
You closely miss Pikel.
Pikel is moderately wounded.
The bullfrog hits you but does no damage.
Pikel hits you with a +2 whip of flaming.
Pikel burns you.
The bullfrog hits you but does no damage.
Casting: Petrify (dangerous; 2% risk of failure)
Confirm with . or Enter, or press ? or * to list all spells.
Aiming: Petrify (dangerous; 2% risk of failure)
Press: ? - help, Shift-Dir - straight line, f/p - Pikel
Aim: Pikel, wielding a +2 whip of flaming and wearing a +0 robe (moderately wounded, chance to affect: 72%) Pikel is moving more slowly.
Pikel hits you with a +2 whip of flaming.
Pikel burns you. The bullfrog hits you.
Casting: Petrify (dangerous; 2% risk of failure)
Confirm with . or Enter, or press ? or * to list all spells.
You don't have enough magic to cast this spell.
You completely miss Pikel.
Pikel is moderately wounded.
The bullfrog hits you but does no damage.
Pikel hits you with a +2 whip of flaming.
* * * LOW HITPOINT WARNING * * *
Pikel burns you.
* * * LOW HITPOINT WARNING * * *
The bullfrog barely misses you.
Pikel hits you with a +2 whip of flaming!
* * * LOW HITPOINT WARNING * * *
Pikel burns you.
* * * LOW HITPOINT WARNING * * *
You feel much better. The bullfrog hits you.
Pikel hits you with a +2 whip of flaming!
* * * LOW HITPOINT WARNING * * *
Pikel burns you.
* * * LOW HITPOINT WARNING * * *
The bullfrog closely misses you.
You don't have enough magic to cast this spell.
You feel yourself speed up.
Pikel stops moving altogether!
The bullfrog hits you.
You die...

..###
....#
.?.. ...
5. #5##
#5K###
#F#.#
#@..##
##....#
##.....#
#......##
#.......#
#.......#
##......#
#......#
...#
##.....#
#


You could see Pikel (petrified), 3 lemures and a bullfrog.

Vanquished Creatures
  A kobold demonologist (D:8)
  Menkaure (D:7)
  An orc warrior (D:6)
  2 ice beasts
  2 water moccasins
  A sky beast (D:7)
  3 black bears
  A necrophage (D:6)
  An ogre (D:5)
  A wolf (D:8)
  3 phantoms
  3 kobold brigands
  A bullfrog (D:6)
  A wyvern zombie (D:8)
  Blork the orc (D:6)
  A scorpion (D:6)
  3 killer bees (D:6)
  4 wights (D:5)
  3 howler monkeys (D:8)
  An electric eel (D:8)
  2 centaur zombies (D:5)
  3 jellies
  4 hounds (D:8)
  2 orc priests
  2 bullfrog skeletons
  5 orc wizards
  4 iguanas
  A killer bee zombie (D:7)
  4 gnolls (D:5)
  2 river rats (D:3)
  12 adders
  A white imp (D:7)
  An ufetubus (D:3)
  2 worms
  A dart slug (D:4)
  20 orcs
  3 bats
  5 endoplasms
  2 giant cockroaches
  6 goblins
  5 hobgoblins
  15 jackals
  3 quokkas
  13 ball pythons
  3 frilled lizards
  22 kobolds
  6 rats
184 creatures vanquished.

Vanquished Creatures (others)
  17 plants (Sewer)
17 creatures vanquished.

Grand Total: 201 creatures vanquished

Notes
Turn   | Place    | Note
-------+----------+-------------------------------------------
     0 | D:1      | hilljack the Gargoyle Earth Elementalist began the quest
                  | for the Orb.
     0 | D:1      | Reached XP level 1. HP: 10/10 MP: 3/3
   382 | D:1      | Reached skill level 4 in Earth Magic
   536 | D:1      | Found a faded altar of an unknown god.
   687 | D:1      | Reached XP level 2. HP: 14/15 MP: 5/5
  1579 | D:2      | Reached XP level 3. HP: 17/19 MP: 3/6
  1580 | D:2      | Reached skill level 5 in Earth Magic
  1877 | D:2      | Found a glowing golden altar of the Shining One.
  2248 | D:2      | Learned a level 2 spell: Passwall
  2264 | D:2      | Learned a level 3 spell: Stone Arrow
  3016 | D:3      | Found an iron altar of Okawaru.
  3074 | D:3      | Found a glowing drain.
  3090 | D:3      | Reached skill level 1 in Transmutations
  3091 | Sewer    | Entered a sewer
  3251 | Sewer    | Reached XP level 4. HP: 24/24 MP: 4/7
  4036 | D:3      | Reached XP level 5. HP: 23/28 MP: 3/8
  4043 | D:3      | HP: 1/28 [river rat (6)]
  4610 | D:3      | Reached skill level 6 in Earth Magic
  5354 | D:4      | Reached XP level 6. HP: 29/32 MP: 5/10
  5689 | D:4      | Found an ancient bone altar of Kikubaaqudgha.
  5969 | D:4      | Found a shimmering altar of Xom.
  6106 | D:4      | Found a sparkling altar of Nemelex Xobeh.
  6660 | D:5      | Entered Level 5 of the Dungeon
  6999 | D:5      | Reached skill level 7 in Earth Magic
  6999 | D:5      | Reached XP level 7. HP: 36/36 MP: 8/12
  7438 | D:5      | Reached XP level 8. HP: 41/41 MP: 6/14
  7456 | D:5      | Reached skill level 8 in Earth Magic
  7814 | D:5      | Found a bloodstained altar of Trog.
  7905 | D:5      | Found a transporter.
  7905 | D:5      | Noticed pkoi's ghost (novice DrNe)
  7909 | D:5      | Reached skill level 5 in Spellcasting
  7941 | D:5      | Found a transporter.
  8555 | D:6      | Reached skill level 5 in Transmutations
  8555 | D:6      | Reached skill level 9 in Earth Magic
  8711 | D:6      | Identified the +6 falchion "Suir" {vorpal, Int+4 Dex-3
                  | Stlth+}
  8739 | D:6      | Learned a level 4 spell: Petrify
  8745 | D:6      | Reached XP level 9. HP: 45/45 MP: 10/17
  8954 | D:6      | Found a sacrificial altar of Ru.
  9470 | D:6      | Noticed Blork the orc
  9483 | D:6      | Killed Blork the orc
  9589 | D:7      | You fall into a shaft and drop 1 floor!
  9761 | D:8      | Reached skill level 10 in Earth Magic
 10023 | D:8      | Noticed a kobold demonologist
 10049 | D:8      | Killed a kobold demonologist
 10051 | D:8      | Identified the +1 leather armour of the Catfish {rF- Int+6}
 10052 | D:8      | Reached skill level 1 in Short Blades
 10082 | D:8      | Noticed a troll
 10091 | D:7      | Found a staircase to the Ecumenical Temple.
 10099 | Temple   | Entered the Ecumenical Temple
 10323 | Temple   | Became a worshipper of Hepliaklqana the Forgotten
 10652 | D:7      | Found a snail-covered altar of Cheibriados.
 10720 | D:7      | Noticed Menkaure
 10743 | D:7      | Killed Menkaure
 10744 | D:7      | Reached XP level 10. HP: 50/50 MP: 10/19
 11042 | D:7      | Noticed Pikel
 11063 | D:7      | Slain by a bullfrog

Illustrated notes

Levels and vault maps discovered:
D:1:      tarquinn_simple_flora_water_f, layout_basic,
          hellmonk_ecumenical_altar_arch_garden
D:2:      layout_basic, basic_altar, minmay_tall_x
D:3:      layout_loops_cross, okawaru_metal_pillars_1_2, portal_sewer_entry_b
D:4:      layout_basic, mainiacjoe_overflow_catch_the_wave,
          nemelex_xobeh_ov_fountains_minmay
D:5:      layout_basic, nicolae_overflow_crystal_walls, gammafunk_ghost_arena,
          kennysheep_dice
D:6:      wander_river, layout_basic, hangedman_ru_absence, uniq_blork_the_orc
D:7:      layout_cave_pods, mainiacjoe_overflow_alcove_1,
          mainiacjoe_overflow_catwalk, minmay_temple_entry_statues_fountains,
          uniq_pikel, uniq_menkaure
D:8:      layout_rooms, erik_lair_island, special_room [special_room_kobold]
Temple:   nicolae_temple_figure_eight

Skill      XL: |  1  2  3  4  5  6  7  8  9 |
---------------+----------------------------+-----
Earth Magic    | 4 5 6 7 9 10 | 10.8
Transmutations | 1 2 3 5 7 |  7.5
Spellcasting   | 3 4 5 6 |  6.1
Short Blades   | 1 |  1.5
Dodging        | |  1.5
Stealth        | |  2.1

Action                   |  1- 3 |  4- 6 |  7- 9 | 10-12 || total
-------------------------+-------+-------+-------+-------++-------
Melee: Dagger            |   142 |       |       |       ||   142
       Unarmed           |     6 |       |       |       ||     6
       Whip              |       |   270 |    23 |       ||   293
       Morningstar       |       |       |    27 |       ||    27
       Falchion          |       |       |   152 |    38 ||   190
 Cast: Sandblast         |    38 |    46 |    86 |     2 ||   172
       Stone Arrow       |       |       |    10 |       ||    10
       Petrify           |       |       |    12 |     2 ||    14
  Use: Scroll            |     4 |     6 |     7 |       ||    17
       Potion            |     4 |     5 |     2 |     2 ||    13
 Stab: Sleeping          |       |     4 |       |       ||     4
       Distracted        |       |     1 |       |       ||     1
       Invisible         |       |     1 |       |       ||     1
       Petrified         |       |       |    27 |     5 ||    32
Armor: Leather armour    |    75 |   124 |    99 |    37 ||   335
       Robe              |     6 |       |       |       ||     6
       Skin              |       |       |     2 |       ||     2
Dodge: Dodged            |   128 |   180 |   187 |    26 ||   521
       Rpst.: Falchion   |       |       |    35 |     6 ||    41
